cohdb
Replays
Latest Replays
All Replays
Popular Replays
Top Player Replays
Match Explorer
How It Works
Community
CoH3 Stats
Reddit
Sign in to upload your games and track your stats! →
Sign in with Steam
Match 37856341
Unlisted
Match 37856341
Overview
Messages
Build Orders
End
Construct Barracks
Riflemen Squad
Riflemen Squad
Riflemen Squad
M1 Mortar Team
Infantry Support Center
Construct Motor Pool
Selects Armored Battlegroup
Selects Veteran Crews
M8 Greyhound Armored Car
M1918 Browning Automatic Rifles
Engineer Squad
Selects Strength in Steel
Construct Weapon Support Center
M3 Armored Personnel Carrier
Construct Tank Depot
Selects Field Repairs
Engineer Squad
Riflemen Squad
Construct Medical Station
TidaL
noob
Chinbad
jordan.grant1996
Rashid al-Din Fadlullah Hamadani
30196864lw
0
0
Comments
sign in to comment!
No comments posted yet!